Construct Section Command Post
Construct Platoon Command Post
Selects Air and Sea Battlegroup
Selects Commando Section Paradrop
Selects Commando Support Section Paradrop
Selects Commando Section Paradrop
Selects M1 Pack Howitzer Paradrop
M1 Pack Howitzer Paradrop
Unlock M3 Stuart Light Tanks
Commando Section Paradrop
M1 Pack Howitzer Paradrop
6-pounder Anti-tank Gun Team
Selects Incendiary Bombing Run
Commando Section Paradrop
Construct Company Command Post
Unlock Towed 17-pounder Anti-tank Guns
17-pounder Anti-tank Gun Team
Unlock M3 Grant Medium Tanks
Commando Section Paradrop